 Seeded DCSS version 0.30.1-11-g7821555f0a (webtiles) character file.

Game seed: 8617203140785432855 (custom seed)

383 Psyclone the Destroyer (level 6, 32/32 HPs)
             Began as a Deep Elf Conjurer on Nov 3, 2023.
             Quit the game on level 4 of the Dungeon.
             The game lasted 00:04:33 (2203 turns).

Psyclone the Destroyer (Deep Elf Conjurer)          Turns: 2203, Time: 00:04:33

Health: 32/32      AC:  7    Str:  6    XL:     6   Next: 47%
Magic:  12/12      EV: 12    Int: 32    God:
Gold:   24         SH:  0    Dex: 10    Spells: 8/11 levels left

rFire   + . .        h - +3 Elemental Staff {rElec rF+ rC+ AC+3}
rCold   + . .        (no shield)
rNeg    . . .        a - +0 robe
rPois   .            (no helmet)
rElec   +            (no cloak)
rCorr   .            e - +0 pair of gloves
SInv    .            d - +0 pair of boots
Will    .....        (no amulet)
Stlth   ++           (no ring)
HPRegen 0.25/turn    (no ring)
MPRegen 0.13/turn

%: clarity
@: no status effects
A: clarity, clever 2, strong 1
a: no special abilities


You were on level 4 of the Dungeon.
You visited 1 branch of the dungeon, and saw 4 of its levels.

You collected 24 gold pieces.

Inventory:

Hand Weapons
 h - the +3 Elemental Staff (weapon) {rElec rF+ rC+ AC+3}
   (You acquired it on level 3 of the Dungeon)

   It enhances your fire, ice, earth and air magic.
   AC:        It affects your AC (+3).
   rF:        It protects you from fire.
   rC:        It protects you from cold.
   rElec:     It insulates you from electricity.
Armour
 a - a +0 robe (worn)
 d - a +0 pair of boots (worn)
 e - a +0 pair of gloves (worn)
Jewellery
 c - the dreamshard necklace {*Dream Drain}
   (You found it on level 3 of the Dungeon)

   [amulet of nothing]

   *Dream:    It shatters if its wearer takes lethal or near-lethal damage,
   preventing the blow and releasing protective dreams that heal and fight for
   the wearer.
   Drain:     It drains your maximum health when unequipped.
Scrolls
 f - a scroll of butterflies {unknown}
 g - a scroll of identify {unknown}
 i - 2 scrolls of teleportation {unknown}
 k - a scroll of silence {unknown}
Potions
 b - a potion of magic
 j - a potion of heal wounds {unknown}


   Skills:
 - Level 2.4 Dodging
 - Level 2.4 Stealth
 - Level 3.0 Spellcasting
 + Level 8.6 Conjurations


You had 8 spell levels left.
You knew the following spells:

 Your Spells              Type           Power      Damage    Failure   Level
a - Magic Dart            Conj           100%       1d8       1%          1
b - Searing Ray           Conj           100%       2d8       1%          2

Your spell library contained the following spells:

 Spells                   Type           Power      Damage    Failure   Level
 Dazzling Flash           Conj/Hex       64%        N/A       3%          3
 Fulminant Prism          Conj/Hex       16%        3d10      11%         4
 Iskenderun's Mystic Bla  Conj/Tloc      32%        2d8       11%         4


Dungeon Overview and Level Annotations

Branches:
Dungeon (4/15) Zot: 21798
 Temple: D:4-7

Altars:
Qazlal
Yredelemnul


Innate Abilities, Weirdness & Mutations

You possess an exceptional clarity of mind.
Your mind is very acute. (Int +8, Str/Dex -2)
Your muscles are strong. (Str +4, Int/Dex -1)


Message History

Unknown command.
Casting: Magic Dart (safe; 1% risk of failure)
Confirm with . or Enter, or press ? or * to list all spells.
You can't see any susceptible monsters within range! (Use Z to cast anyway.) Unknown command.
Casting: Magic Dart (safe; 1% risk of failure)
Confirm with . or Enter, or press ? or * to list all spells.
You can't see any susceptible monsters within range! (Use Z to cast anyway.) Unknown command.
Casting: Magic Dart (safe; 1% risk of failure)
Confirm with . or Enter, or press ? or * to list all spells.
You can't see any susceptible monsters within range! (Use Z to cast anyway.)
Found 2 scrolls labelled VAUDOU MEVA.
Health restored: 32; MP restored: 12 You see here 2 scrolls labelled VAUDOU MEVA.
You open the door.
There is an open door here.
You open the door.
There is an open door here.
Found a scroll labelled JAIPRAO WANN.
You see here a scroll labelled JAIPRAO WANN.
Key pressed, stopping explore.
Key pressed, stopping explore.
Found a stone staircase leading up.
You see here 4 gold pieces.
There is a stone staircase leading up here.
Key pressed, stopping explore.
Found 10 gold pieces.
You see here 10 gold pieces.
Key pressed, stopping explore.
Done exploring.
Search for what [? for help]? .
There is an open door here.
You see here 4 boomerangs.
You see here a dark potion.
You see here 10 gold pieces.
You see here a scroll labelled JAIPRAO WANN.
Unknown command.
Unknown command.
Are you sure you want to abandon this character and quit the game? (Confirm with "yes".)

#####........###...##
#.######## ##'## #.#
#.# #.# #.#### #.#
##....## #.#
##...##.## #.#
#######.)..<##.#
#.###.........<.....
#..@..######..####.#
####### ##.###.##
#....## #.#### #.#
#.# #.# #### ######.#
#... #......# #.##


There were no monsters in sight!

Vanquished Creatures
  A phantom (D:4)
  A scorpion (D:4)
  2 hounds (D:4)
  Jessica (D:2)
  2 iguanas (D:4)
  Terence (D:2)
  Robin (D:2)
  3 adders
  2 worms
  2 dart slugs
  2 endoplasms (D:3)
  9 goblins
  6 hobgoblins
  5 jackals
  2 quokkas
  3 ball pythons
  3 bats
  2 kobolds
48 creatures vanquished.

Notes
Turn   | Place    | Note
-------+----------+-------------------------------------------
     0 | D:1      | Psyclone the Deep Elf Conjurer began the quest for the Orb.
     0 | D:1      | Reached XP level 1. HP: 10/10 MP: 6/6
    79 | D:1      | Gained mutation: You have hidden genetic potential. [potion
                  | of mutation]
    79 | D:1      | Gained mutation: You have a pair of small horns on your
                  | head. [potion of mutation]
    79 | D:1      | Gained mutation: You have supernaturally acute eyesight.
                  | (SInv) [potion of mutation]
   135 | D:2      | Reached skill level 5 in Conjurations
   135 | D:2      | Reached XP level 2. HP: 15/15 MP: 2/8
   140 | D:2      | Learned a level 2 spell: Searing Ray
   222 | D:2      | Noticed Terence
   237 | D:2      | Killed Terence
   238 | D:2      | Reached XP level 3. HP: 19/19 MP: 1/9
   250 | D:2      | Gained mutation: Your mind is acute. (Int +4, Str/Dex -1)
                  | [hidden potential]
   336 | D:2      | Noticed Jessica
   338 | D:2      | Killed Jessica
   339 | D:2      | Reached skill level 6 in Conjurations
   339 | D:2      | Reached XP level 4. HP: 24/24 MP: 7/10
   399 | D:2      | Noticed Robin
   406 | D:2      | Killed Robin
   418 | D:2      | Gained mutation: Your mind is very acute. (Int +8, Str/Dex
                  | -2) [hidden potential]
   418 | D:2      | Lost mutation: You have hidden genetic potential. [hidden
                  | potential expressed]
   535 | D:2      | Lost mutation: You have a pair of small horns on your head.
                  | [potion of mutation]
   535 | D:2      | Lost mutation: You have supernaturally acute eyesight.
                  | (SInv) [potion of mutation]
   535 | D:2      | Gained mutation: You have hidden genetic potential. [potion
                  | of mutation]
   535 | D:2      | Gained mutation: You are strong-willed. (Will+) [potion of
                  | mutation]
   535 | D:2      | Lost mutation: You are strong-willed. (Will+) [potion of
                  | mutation]
   588 | D:3      | Found the dreamshard necklace {*Dream Drain}
   789 | D:3      | Identified a scroll of acquirement
   789 | D:3      | Acquired the +3 Elemental Staff {rElec rF+ rC+ AC+3}
   789 | D:3      | Found the +3 Elemental Staff {rElec rF+ rC+ AC+3}
   849 | D:4      | Noticed a phantom
   853 | D:4      | Killed a phantom
   854 | D:4      | Reached skill level 7 in Conjurations
   854 | D:4      | Reached XP level 5. HP: 26/28 MP: 4/11
   865 | D:4      | Gained mutation: You possess an exceptional clarity of
                  | mind. [hidden potential]
  1024 | D:4      | Found a basalt altar of Yredelemnul.
  1081 | D:4      | Reached skill level 8 in Conjurations
  1081 | D:4      | Reached XP level 6. HP: 24/32 MP: 3/12
  1398 | D:4      | Identified the orb "Igashrem" {*Rage, +Blink rPois SInv}
  1433 | D:4      | Gained mutation: Your muscles are strong. (Str +4, Int/Dex
                  | -1) [hidden potential]
  1433 | D:4      | Lost mutation: You have hidden genetic potential. [hidden
                  | potential expressed]
  1537 | D:4      | Found a stormy altar of Qazlal.
  2203 | D:4      | Quit the game

Illustrated notes

Levels and vault maps discovered:
D:1:      dpeg_arrival_stonehenge_12_columns, layout_basic, serial_shops, shop
D:2:      layout_basic, shapermc_ecumenical_altar_ellora, minivault_25,
          uniq_robin, uniq_terence, uniq_jessica
D:3:      layout_rooms, uniq_grinder
D:4:      layout_loops_corners, mainiacjoe_overflow_paths,
          overflow_temple_1_default

Skill      XL: |  1  2  3  4  5 |
---------------+----------------+-----
Conjurations   | 5 6 7 8 |  8.6
Dodging        | |  2.4
Stealth        | |  2.4
Spellcasting   | |  3.0

Action                     |  1- 3 |  4- 6 || total
---------------------------+-------+-------++-------
   Cast: Magic Dart        |    12 |    73 ||    85
         Searing Ray       |     3 |     9 ||    12
    Use: Potion            |     1 |     1 ||     2
         Scroll            |       |     1 ||     1
 Armour: Robe              |     7 |     9 ||    16
  Dodge: Dodged            |     5 |     9 ||    14
